 Dungeon Crawl Stone Soup version 0.27.1-34-g3ba077fa99 (webtiles) character file.

Game seed: 7536227421540104995

71 Gabide the Poker (level 4, -4/36 HPs)
             Began as a Human Monk on Jan 10, 2022.
             Slain by a gnoll shaman (10 damage)
             ... on level 2 of the Dungeon.
             The game lasted 00:01:21 (1396 turns).

Gabide the Poker (Human Monk)                       Turns: 1396, Time: 00:01:22

Health: -4/36      AC:  2    Str: 11    XL:     4   Next: 47%
Magic:  4/4        EV: 13    Int: 10    God:
Gold:   44         SH:  0    Dex: 17    Spells: 3/3 levels left

rFire    . . .     SeeInvis .   a - +0 spear
rCold    . . .     Faith    .   (no shield)
rNeg     . . .     Spirit   .   b - +0 robe
rPois    .         Reflect  .   (no helmet)
rElec    .         Harm     .   (no cloak)
rCorr    .         Rampage  .   (no gloves)
Will     .....                  (no boots)
Stlth    +.........             (no amulet)
HPRegen  0.12/turn              (no ring)
MPRegen  0.09/turn              (no ring)

@: lit by a corona, glowing
A: no striking features
a: no special abilities


You were on level 2 of the Dungeon.
You visited 1 branch of the dungeon, and saw 2 of its levels.

You collected 44 gold pieces.

Inventory:

Hand Weapons
 a - a +0 spear (weapon)
Armour
 b - a +0 robe (worn)
Scrolls
 d - 2 scrolls of summoning {unknown}
 f - 2 scrolls of blinking {unknown}
Potions
 c - 2 potions of lignification {unknown}
 e - a potion of magic {unknown}
 g - 3 potions of haste {unknown}
 h - a potion of curing {unknown}
 i - 2 potions of resistance {unknown}
 j - a potion of might {unknown}


   Skills:
 * Level 3.6 Fighting
 + Level 3.7 Polearms
 * Level 3.5 Dodging
 + Level 2.6 Stealth


You had 3 spell levels left.
You didn't know any spells.
Your spell library was empty.

Dungeon Overview and Level Annotations

Branches:
Dungeon (2/15)

Altars:


Message History

You barely miss the gnoll. The gnoll closely misses you.
You hit the gnoll.
The gnoll is moderately wounded.
The gnoll shaman calls down the wrath of its god upon you.
You are outlined in light.
The gnoll hits you with a +0 flail.
A gnoll comes into view. It is wielding a +0 club.
You hit the gnoll.
The gnoll is severely wounded.
The gnoll hits you with a +0 flail!
You barely miss the gnoll.
The gnoll is severely wounded.
The gnoll shaman barely misses you. The gnoll hits you with a +0 flail.
You hit the gnoll but do no damage.
The gnoll is severely wounded.
The gnoll shaman hits you with a +0 club.
You are too injured to fight recklessly!
You are too injured to fight recklessly!
You are too injured to fight recklessly!
You are too injured to fight recklessly!
You are too injured to fight recklessly!
You are too injured to fight recklessly!
You are too injured to fight recklessly!
You are too injured to fight recklessly!
You are too injured to fight recklessly!
You are too injured to fight recklessly!
You are too injured to fight recklessly!
The gnoll throws a throwing net.
The throwing net hits you.
You become entangled in the net!
You see here a throwing net.
You struggle against the net.
The gnoll shaman hits you with a +0 club.
You tear a large gash into the net.
An adder comes into view.
You struggle against the net.
The gnoll shaman hits you with a +0 club.
* * * LOW HITPOINT WARNING * * *
You rip the net and break free!
The gnoll hits you with a +0 flail.
* * * LOW HITPOINT WARNING * * *
The gnoll shaman hits you with a +0 club!
You die...

#. .. #.# #..
#.# #
#..###.#####.##
#....#.#.......
#.##...#.......
[......#.......
#. #..ggg......
#. ##.@#.......
#.###†.#.......
#..#...#.<.....
##...#.#.......
#..###.........
##.)#
###..>....
#...# #...###
#.#.# ##.#
#.#.# .


You could see a gnoll shaman and 2 gnolls.

Vanquished Creatures
  2 gnolls
  An adder (D:2)
  A dart slug (D:1)
  3 ball pythons (D:1)
  An endoplasm (D:1)
  2 giant cockroaches
  3 goblins
  4 hobgoblins
  5 kobolds
  3 quokkas (D:1)
  6 bats
  2 frilled lizards
  7 rats
40 creatures vanquished.

Notes
Turn   | Place    | Note
-------+----------+-------------------------------------------
     0 | D:1      | Gabide the Human Monk began the quest for the Orb.
     0 | D:1      | Reached XP level 1. HP: 18/18 MP: 1/1
    64 | D:1      | Reached XP level 2. HP: 24/24 MP: 2/2
   384 | D:1      | Found a faded altar of an unknown god.
   467 | D:1      | Reached XP level 3. HP: 29/29 MP: 3/3
  1258 | D:2      | Reached XP level 4. HP: 35/35 MP: 4/4
  1396 | D:2      | Slain by a gnoll shaman

Illustrated notes

Levels and vault maps discovered:
D:1:      minmay_arrival_solitary_statue, layout_loops_ring,
          shapermc_ecumenical_altar_notcrosses
D:2:      layout_rooms, st_stairs_8

Action                   |  1- 3 |  4- 6 || total
-------------------------+-------+-------++-------
Melee: Spear             |   112 |    30 ||   142
 Stab: Sleeping          |     7 |     1 ||     8
Armor: Robe              |    10 |     4 ||    14
Dodge: Dodged            |    55 |    14 ||    69
